 Dungeon Crawl Stone Soup version 0.18-a0-816-g97f838e (webtiles) character file.

3189 Raultor the Grappler (level 9, -8/88 HPs)
             Began as a Troll Monk on Dec 15, 2015.
             Was a Priest of the Shining One.
             Mangled by a manticore (22 damage)
             ... on level 8 of the Dungeon.
             The game lasted 00:16:55 (4875 turns).

Raultor the Grappler (Troll Monk)                   Turns: 4875, Time: 00:16:55

Health: -8/88      AC:  6    Str: 21    XL:     9   Next: 64%
Magic:  8/8        EV: 11    Int:  6    God:    the Shining One [***...]
Gold:   225        SH:  0    Dex: 15    Spells: 0 memorised, 8 levels left

rFire  . . .     SeeInvis .       - Unarmed
rCold  + . .     Clarity  .     F - +1 robe {rC+}
rNeg   + . .     SustAt   .     u - +0 shield
rPois  .         Gourm    +     (helmet restricted)
rElec  .         Spirit   .     (no cloak)
rCorr  .         Dismiss  .     (gloves unavailable)
rMut   .         Stasis   .     (boots unavailable)
MR     .....                    (no amulet)
Stlth  +.........               (no ring)
                                H - ring of flight {+Fly, !d}

@: confused, glowing, not resistant to hostile enchantments, very unstealthy
A: unfitting armour, claws 3, fast metabolism 3, gourmand, regeneration 2,
shaggy fur 1, tough skin 2
a: Divine Shield, Renounce Religion, Evoke Flight


You were on level 8 of the Dungeon.
You worshipped the Shining One.
The Shining One was most pleased with you.
You were completely stuffed.

You visited 2 branches of the dungeon, and saw 9 of its levels.

You collected 405 gold pieces.
You spent 180 gold pieces at shops.

Inventory:

Hand Weapons
 E - a +2 morningstar
   (You took it off a wight on level 7 of the Dungeon)
Missiles
 e - 6 tomahawks (quivered)
 j - 8 curare-tipped needles
 q - 3 throwing nets {=f, !d}
 y - 19 poisoned needles
Armour
 u - a +0 shield (worn)
   (You found it on level 3 of the Dungeon)
 F - a +1 robe of cold resistance (worn)
   (You took it off Blork the orc on level 6 of the Dungeon)
Jewellery
 H - a ring of flight (left claw) {+Fly, !d}
   (You bought it in a shop on level 6 of the Dungeon)
Wands
 I - a wand of fire (5)
   (You found it on level 7 of the Dungeon)
 K - a wand of fire (3)
   (You found it on level 7 of the Dungeon)
Scrolls
 a - a scroll of enchant weapon {unknown}
 d - a scroll of amnesia {unknown}
 g - 6 scrolls of remove curse {unknown}
 k - 2 scrolls of random uselessness {unknown}
 l - 2 scrolls of magic mapping {unknown}
 o - 8 scrolls of identify {unknown}
 r - 2 scrolls of fear {unknown}
 s - 5 scrolls of fog {unknown}
 w - a scroll of noise {unknown}
 x - a scroll of immolation {unknown}
 z - a scroll of recharging {unknown}
 C - 2 scrolls of teleportation {unknown}
 G - a scroll of silence {unknown}
Potions
 c - 2 potions of heal wounds
 h - 3 potions of poison {unknown}
 n - a potion of experience {unknown}
 p - a potion of degeneration {unknown}
 t - a potion of curing {unknown}
 v - a potion of resistance {unknown}
 A - 2 potions of berserk rage {unknown}
 B - a potion of might {unknown}
Comestibles
 b - 8 bread rations {@e1}
 f - 4 beef jerkies
 i - 5 meat rations {@e2}
 m - 3 slices of pizza
 D - 6 fruits


   Skills:
 + Level 5.6 Fighting
 - Level 1.4 Throwing
 + Level 5.5 Dodging
 - Level 1.1 Stealth
 + Level 4.6 Shields
 * Level 9.6 Unarmed Combat


You had 8 spell levels left.
You didn't know any spells.

Dungeon Overview and Level Annotations

Branches:
Dungeon (8/15)             Temple (1/1) D:4
   Lair: D:8-11

Altars:
Cheibriados
Dithmenos
Elyvilon
Gozag
Kikubaaqudgha
Makhleb
Nemelex Xobeh
Pakellas
Ru
Sif Muna
Trog
The Shining One

Shops:
D:6 *

Annotations:
D:5 Prince Ribbit


Innate Abilities, Weirdness & Mutations

You are too large for most types of armour.
You have claws for hands.
Your metabolism is lightning-fast.
You like to eat raw meat.
You heal very quickly.
You are covered in fur (AC +1).
You have very tough skin (AC +2).


Message History

A wight comes into view. It is wielding a flail.
You take 5 damage, and have 83/88 hp.
You claw the wight!
You destroy the wight!
The Shining One accepts your kill.
You mangle the wight!! The wight barely misses you.
You claw the wight!
You destroy the wight!
The Shining One accepts your kill.
You feel better.
A wight comes into view. It is wielding an enchanted falchion.
You regained 2 hp, and now have 86/88 hp.
You block the wight's attack.
Found a robe.
Found a snail-covered altar of Cheibriados.
Items here: )) [[ a flail; a robe; an enchanted great sword; a robe You mangle the wight!!
You destroy the wight!
The Shining One accepts your kill.
You feel better.
Health restored: 88 No target in view!
Things that are here:
a falchion of freezing; a robe
Items here: )) [[ a flail; a robe; an enchanted great sword; a robe
Things that are here:
an enchanted falchion; a robe
Found a stone staircase leading up.
You now have 225 gold pieces (gained 5).
A tarantella comes into view.
The tarantella hisses angrily.
Found 42 gold pieces.
Found a bloodstained altar of Trog.
A manticore and a centaur come into view.
The centaur shouts!
You claw the tarantella!
The centaur wields a shortbow.
The centaur shoots an arrow.
The arrow hits you. You block the tarantella's attack.
You take 2 damage, and have 86/88 hp.
You claw the tarantella! The tarantella misses you.
The centaur shoots an arrow.
The arrow hits you. The tarantella closely misses you.
You take 2 damage, and have 84/88 hp.
You claw the tarantella!
The centaur shoots an arrow.
You block the arrow. The tarantella bites you!
You are confused.
The centaur shoots an arrow.
The arrow misses you.
You take 6 damage, and have 78/88 hp.
You're too confused to move!
The tarantella bites you!
You are more confused.
The centaur shoots an arrow.
The arrow barely misses you.
You take 7 damage, and have 71/88 hp.
The centaur shoots an arrow.
The arrow barely misses you. The tarantella bites you!
You take 6 damage, and have 65/88 hp.
You're too confused!
You're too confused!
You miss the tarantella.
The centaur shoots an arrow.
The arrow barely misses you. The tarantella bites you!
You take 10 damage, and have 55/88 hp.
The tarantella bites you. The manticore bites you!! The manticore claws you.
* * * LOW HITPOINT WARNING * * *
The manticore barely misses you.
The centaur shoots an arrow.
The arrow barely misses you.
The arrow hits the tarantella!
The tarantella dies!
The tarantella's shape twists and changes as it dies.
Found a bloodstained altar of Trog.
You take 29 damage, and have 26/88 hp.
MASSIVE DAMAGE!!
Drink which item? (? for menu, Esc to quit)
It was a potion of heal wounds.
You feel much better.
The centaur shoots an arrow.
The arrow hits you! The manticore closely misses you.
The manticore claws you but does no damage.
The manticore closely misses you.
You regained 12 hp, and now have 38/88 hp.
You scratch the manticore but do no damage.
The centaur shoots an arrow.
The arrow barely misses you. The manticore bites you!!
* * * LOW HITPOINT WARNING * * *
The manticore claws you.
* * * LOW HITPOINT WARNING * * *
The manticore barely misses you.
The centaur shoots an arrow.
The arrow hits you.
* * * LOW HITPOINT WARNING * * *
You take 28 damage, and have 10/88 hp.
MASSIVE DAMAGE!!
Drink which item? (? for menu, Esc to quit)
You feel much better.
The manticore bites you but does no damage.
The manticore claws you. The manticore misses you.
The centaur shoots an arrow.
The arrow hits you!
* * * LOW HITPOINT WARNING * * *
You regained 11 hp, and now have 21/88 hp.
You're too confused!
The centaur shoots an arrow.
The arrow hits you!
* * * LOW HITPOINT WARNING * * *
The manticore bites you!!
You die...

##### .... ...##
... ## .c# .
##.##.#
._.#$..8.#
...#$..@(### #
...#$..H(..# ..
._.#$..8(..#..#
. ##.##.(...#
###.(..#.#
####+###.....#.#
...............#
####.........##
##...###+#..#


You could see a manticore and a centaur.

Vanquished Creatures
  Grinder (D:6)
  A two-headed ogre (D:7)
  Edmund (D:5)
  Menkaure (D:5)
  2 phantoms
  An ice beast (D:7)
  A centaur (D:5)
  3 ogres
  Blork the orc (D:6)
  3 giant frogs
  A water moccasin skeleton (D:4)
  3 scorpions
  9 wights
  2 giant frog zombies
  A crimson imp (D:7)
  4 jellies
  A giant frog skeleton (D:6)
  5 hounds
  6 orc wizards
  An iguana (D:7)
  2 orc priests
  6 worker ants
  A hound skeleton (D:7)
  A worker ant zombie (D:7)
  4 gnolls (D:3)
  5 adders
  An ooze (D:1)
  A worm (D:3)
  5 giant geckos
  23 orcs
  A ball python (D:3)
  4 giant cockroaches
  3 goblins
  8 hobgoblins
  A quokka (D:6)
  8 bats
  2 giant newts
  2 jackals (D:5)
  A jackal skeleton (D:5)
  10 kobolds
  6 rats
143 creatures vanquished.

Vanquished Creatures (others)
  A tarantella (shapeshifter) (D:8)
1 creature vanquished.

Grand Total: 144 creatures vanquished

Notes
Turn   | Place    | Note
--------------------------------------------------------------
     0 | D:1      | Raultor the Troll Monk began the quest for the Orb.
     0 | D:1      | Reached XP level 1. HP: 22/22 MP: 0/0
    88 | D:1      | Reached XP level 2. HP: 29/29 MP: 1/1
   830 | D:2      | Found a sparkling altar of Nemelex Xobeh.
   861 | D:2      | Reached XP level 3. HP: 36/36 MP: 2/2
  1071 | D:3      | Reached skill level 1 in Throwing
  1071 | D:3      | Reached XP level 4. HP: 14/44 MP: 3/3
  1179 | D:3      | Reached skill level 3 in Fighting
  1181 | D:3      | Reached skill level 5 in Unarmed Combat
  1571 | D:3      | Reached XP level 5. HP: 53/53 MP: 4/4
  1827 | D:4      | Found a staircase to the Ecumenical Temple.
  1840 | D:4      | Reached skill level 3 in Dodging
  1842 | D:4      | Noticed an ogre
  1857 | D:4      | Killed an ogre
  1857 | D:4      | Reached skill level 1 in Shields
  1857 | D:4      | Reached XP level 6. HP: 51/61 MP: 5/5
  1859 | Temple   | Entered the Ecumenical Temple
  1871 | Temple   | Became a worshipper of the Shining One
  1871 | Temple   | Reached * piety under the Shining One
  1871 | Temple   | Reached ** piety under the Shining One
  1918 | D:4      | Found a sparkling altar of Nemelex Xobeh.
  2242 | D:4      | Reached skill level 6 in Unarmed Combat
  2269 | D:5      | Entered Level 5 of the Dungeon
  2312 | D:5      | Noticed Edmund
  2386 | D:5      | Killed Edmund
  2386 | D:5      | Reached XP level 7. HP: 58/68 MP: 6/6
  2585 | D:5      | Reached skill level 4 in Fighting
  2585 | D:5      | Reached skill level 2 in Shields
  2632 | D:5      | Noticed Prince Ribbit
  2770 | D:5      | Found an opulent altar of Gozag.
  2939 | D:5      | Reached skill level 7 in Unarmed Combat
  2980 | D:5      | Noticed Menkaure
  2983 | D:5      | Killed Menkaure
  2983 | D:5      | Reached skill level 4 in Dodging
  3203 | D:6      | Reached XP level 8. HP: 61/78 MP: 7/7
  3278 | D:6      | Noticed Grinder
  3280 | D:6      | Paralysed by Grinder for 5 turns
  3292 | D:6      | Killed Grinder
  3435 | D:6      | Noticed Blork the orc
  3444 | D:6      | Killed Blork the orc
  3444 | D:6      | Reached skill level 3 in Shields
  3503 | D:6      | Found a burning altar of Makhleb.
  3537 | D:6      | Reached skill level 8 in Unarmed Combat
  3588 | D:6      | Found Koffa's Assorted Antiques.
  3598 | D:6      | Bought a scroll labeled VULELA XUUSKENG for 20 gold pieces
  3598 | D:6      | Bought a scroll labeled PAHULAUGGY for 20 gold pieces
  3598 | D:6      | Bought a scroll labeled VIPPYC BEUZASEHU for 20 gold pieces
  3598 | D:6      | Bought a scroll labeled GONICWI DESUMM for 20 gold pieces
  3598 | D:6      | Bought a coral ring for 100 gold pieces
  4062 | D:7      | Reached skill level 5 in Fighting
  4128 | D:7      | Reached XP level 9. HP: 81/88 MP: 8/8
  4304 | D:7      | Reached skill level 5 in Dodging
  4506 | D:7      | Reached skill level 4 in Shields
  4506 | D:7      | Reached skill level 9 in Unarmed Combat
  4662 | D:7      | Reached *** piety under the Shining One
  4838 | D:8      | Found a snail-covered altar of Cheibriados.
  4863 | D:8      | Found a bloodstained altar of Trog.
  4864 | D:8      | Noticed a manticore
  4871 | D:8      | Found a bloodstained altar of Trog.
  4873 | D:8      | HP: 18/88 [manticore (20)]
  4875 | D:8      | Mangled by a manticore

Vault maps used:
D:1:      ncdulo_lavacross
D:2:      nemelex_spade_bored_becter
D:3:      first_bread, item_on_display_a
D:4:      nemelex_altar_shiori, minmay_temple_entry_large_hall
D:5:      kennysheep_mini_moat, kennysheep_donut, minmay_crystal_room,
          uniq_menkaure, uniq_prince_ribbit1, uniq_edmund
D:6:      makhleb_heckhound_becter, serial_shops, shop, uniq_grinder,
          uniq_blork_the_orc
D:8:      cheibriados_altar_1, gammafunk_temple_overflow_elements, serial_shops,
          shop_fountains, grunt_pizzeria, basic_loot_grate_trap,
          minmay_misc_feat_four_crosses, minmay_holes, jmf_multi_god_temple,
          uniq_joseph
Temple:   circular_temple_12

Action                   |  1- 3 |  4- 6 |  7- 9 || total
-------------------------+-------+-------+-------++-------
Melee: Unarmed           |    68 |   110 |   251 ||   429
Invok: Divine Shield     |       |       |     1 ||     1
  Use: Potion            |       |       |     2 ||     2
 Stab: Sleeping          |     1 |     1 |       ||     2
  Eat: Chunk             |    15 |    11 |    24 ||    50

Vault maps used:
D:1:      ncdulo_lavacross
D:2:      nemelex_spade_bored_becter
D:3:      first_bread, item_on_display_a
D:4:      nemelex_altar_shiori, minmay_temple_entry_large_hall
D:5:      kennysheep_mini_moat, kennysheep_donut, minmay_crystal_room,
          uniq_menkaure, uniq_prince_ribbit1, uniq_edmund
D:6:      makhleb_heckhound_becter, serial_shops, shop, uniq_grinder,
          uniq_blork_the_orc
D:8:      cheibriados_altar_1, gammafunk_temple_overflow_elements, serial_shops,
          shop_fountains, grunt_pizzeria, basic_loot_grate_trap,
          minmay_misc_feat_four_crosses, minmay_holes, jmf_multi_god_temple,
          uniq_joseph
Temple:   circular_temple_12

Table legend:
 A = Turns spent in this place as a percentage of turns spent in the entire game.
 B = Non-inter-level travel turns spent in this place as a percentage of non-inter-level travel turns spent in the entire game.
 C = Inter-level travel turns spent in this place as a percentage of turns spent in this place.
 D = Turns resting spent in this place as a percentage of non-inter-level travel turns spent in this place.
 E = Turns spent auto-exploring this place as a percentage of non-inter-level travel turns spent in this place.
 F = Non-inter-level travel turns spent in this place divided by the number of levels of this place that you've seen.
                   A       B       C       D       E      F
               +-------+-------+-------+-------+-------+----------------------
         Total | 100.0 | 100.0 |   0.9 |   1.0 |  15.2 | 134.4
       Dungeon |  99.1 |  99.2 |   0.8 |   1.0 |  15.2 | 150.0
        Temple |   0.9 |   0.8 |   9.1 |   0.0 |  10.0 |  10.0
               +-------+-------+-------+-------+-------+----------------------

Table legend:
 A = Kills in this place as a percentage of kills in entire the game.
 B = Kills by you in this place as a percentage of kills by you in the entire game.
 C = Kills by friends in this place as a percentage of kills by friends in the entire game.
 D = Other kills in this place as a percentage of other kills in the entire game.
 E = Experience gained in this place as a percentage of experience gained in the entire game.
 F = Experience gained in this place divided by the number of levels of this place that you have seen.
                   A       B       C       D       E      F
               +-------+-------+-------+-------+-------+----------------------
         Total | 100.0 | 100.0 |  -nan | 100.0 | 100.0 | 506.3
       Dungeon | 100.0 | 100.0 |  -nan | 100.0 | 100.0 | 569.6
               +-------+-------+-------+-------+-------+----------------------
